 Dungeon Crawl Stone Soup version 0.27-a0-58-g0ec5f8ab93 (webtiles) character file.

Game seed: 12516772159149957210

0 Descartes the Sneak (level 1, 0/10 HPs)
             Began as a Felid Delver on Jan 7, 2021.
             Slain by a river rat (5 damage)
             ... on level 3 of the Dungeon.
             The game lasted 00:00:49 (77 turns).

Descartes the Sneak (Felid Delver)                    Turns: 77, Time: 00:00:50

Health: 0/10       AC:  1    Str:  8    XL:     1   Next: 8%
Magic:  2/2        EV: 18    Int: 11    God:
Gold:   0          SH:  0    Dex: 17    Spells: 0/0 levels left
                                        Lives:  0   Deaths: 0

rFire    . . .     SeeInvis +     - Unarmed
rCold    . . .     Faith    .   (shield unavailable)
rNeg     . . .     Spirit   .   (armour unavailable)
rPois    .         Reflect  .   (helmet unavailable)
rElec    .         Harm     .   (cloak unavailable)
rCorr    .         Rampage  .   (gloves unavailable)
Will     .....                  (boots unavailable)
Stlth    ++++......             (no amulet)
HPRegen  0.03/turn              (no ring)
MPRegen  0.08/turn              (no ring)

@: quick
A: very small, no armour, no weapons or thrown items, stealth, claws 1, fangs 3,
see invisible, speed 1, shaggy fur 1, sharp paws
a: no special abilities


You were on level 3 of the Dungeon.
You visited 1 branch of the dungeon, and saw 3 of its levels.

Inventory:

Wands
 e - a wand of digging (3)
Scrolls
 a - a scroll of fog
 c - a scroll of fear
 f - a scroll of enchant armour {unknown}
Potions
 d - a potion of haste


   Skills:
 + Level 3.0 Fighting
 + Level 2.7 Dodging
 * Level 6.6 Stealth
 + Level 2.0 Unarmed Combat


You couldn't memorise any spells.
You didn't know any spells.
Your spell library was empty.

Dungeon Overview and Level Annotations

Branches:
Dungeon (5/15)
 Temple: D:4-7

Altars:


Innate Abilities, Weirdness & Mutations

You cannot wear armour.
You are incapable of wielding weapons or throwing items.
Your paws allow you to move quietly. (Stealth)
You have sharp claws.
You have razor-sharp teeth.
You have supernaturally acute eyesight. (SInv)
You cover ground quickly.
You are covered in fur. (AC +1)
Your sharp claws are effective at attacking unaware monsters.


Message History

You are no longer poisoned.
The frilled lizard misses you.
You barely miss the frilled lizard. Your bite misses the frilled lizard.
The frilled lizard misses you.
You scratch the frilled lizard.
You kill the frilled lizard!
You see here a frilled lizard corpse.
As you read the scroll of magic mapping, it crumbles to dust.
You feel aware of your surroundings.
You sensed 1 shop/portal.
You see here a frilled lizard corpse.
There is a stone staircase leading down here.
A ball python comes into view.
A river rat and a giant cockroach come into view. 2 rats come into view.
You are too injured to fight recklessly!
You scratch the river rat.
The river rat is lightly wounded.
The river rat bites you.
Ouch! That really hurt!
You die...

######**** #..≈r#≈≈≈*
#.≈≈≈#≈∩≈* #.≈.≈+≈≈≈*
##..≈≈+#### #....≈S≈≈≈#
#....≈.r≈.# #...@r.B..#
#############.........#
..............#########
.############.# ..#**
#.# ....# *#.# ..#.#
**..# .##.# **,#.#*
##*,#*****,*##.**


You could see a river rat, a giant cockroach (asleep), a ball python (asleep)
and 2 rats.

Vanquished Creatures
  A frilled lizard (D:3)
1 creature vanquished.

Vanquished Creatures (others)
  A plant (D:3)
1 creature vanquished.

Grand Total: 2 creatures vanquished

Notes
Turn   | Place    | Note
-------+----------+-------------------------------------------
     0 | D:5      | Descartes the Felid Delver began the quest for the Orb.
     0 | D:5      | Reached XP level 1. HP: 10/10 MP: 2/2
    77 | D:3      | Slain by a river rat

Illustrated notes

Levels and vault maps discovered:
D:3:      cheibrodos_old_hovel, layout_loops_ring, portal_sewer_entry_e
D:4:      layout_basic, uniq_sigmund
D:5:      layout_loops_ring, old_standard_altar,
          gammafunk_temple_overflow_statue, cheibrodos_worm_habitat,
          minmay_temple_entry_sparse_star, basic_altar, minmay_misc_feat_cross,
          uniq_prince_ribbit1

Action                   || total
-------------------------++-------
Melee: Unarmed           ||     5
  Use: Scroll            ||     1
Dodge: Dodged            ||     6

Table legend: (Time is in decaauts)
 A = Elapsed time spent in this place.
 B = Non-inter-level travel time spent in this place.
 C = Inter-level travel time spent in this place.
 D = Time resting spent in this place.
 E = Time spent auto-exploring this place.
 F = Levels seen in this place.
 G = Mean time per level.
                   A        B        C        D        E       F      G
               +--------+--------+--------+--------+--------+-----+--------+
         Total |     63 |     63 |      0 |      0 |      0 |   3 |   21.0 |
       Dungeon |     63 |     63 |      0 |      0 |      0 |   3 |   21.0 |
               +--------+--------+--------+--------+--------+-----+--------+

Top non-repeatable levels by time:
     D:3: 30 daAuts
     D:4: 22 daAuts
     D:5: 10 daAuts
